 Dungeon Crawl Stone Soup version 0.19.5 (webtiles) character file.

45 Jynx the Grave Robber (level 3, -3/24 HPs)
             Began as a Vampire Necromancer on Apr 17, 2017.
             Slain by a wyvern zombie (11 damage)
             ... on level 3 of the Dungeon.
             The game lasted 00:04:12 (1968 turns).

Jynx the Grave Robber (Vampire Necromancer)         Turns: 1968, Time: 00:04:12

Health: -3/24      AC:  3    Str:  7    XL:     3   Next: 42%
Magic:  7/7        EV: 13    Int: 18    God:
Gold:   95         SH:  0    Dex: 19    Spells: 3 memorised, 2 levels left

rFire  . . .     SeeInvis +     d - +0 dagger
rCold  + . .     Gourm    .     a - +0 robe
rNeg   + + .     Faith    .     (no shield)
rPois  +         Spirit   .     (no helmet)
rElec  .         Reflect  .     (no cloak)
rCorr  .         Harm     .     f - +0 pair of gloves
MR     .....                    (no boots)
Stlth  ++++......               (no amulet)
                                (no ring)
                                g - +5 ring of dexterity

@: regenerating slowly
A: fangs 3, see invisible, unbreathing
a: Bat Form


You were on level 3 of the Dungeon.
You were thirsty.

You visited 1 branch of the dungeon, and saw 3 of its levels.

You collected 95 gold pieces.

Inventory:

Hand Weapons
 d - a +0 dagger (weapon)
Armour
 a - a +0 robe (worn)
 f - a +0 pair of gloves (worn)
Jewellery
 g - a +5 ring of dexterity (left hand)
Scrolls
 h - a scroll of fog
 i - a scroll of amnesia {unknown}
 j - a scroll of random uselessness {unknown}
 n - a scroll of identify
Potions
 c - a potion of blood
 e - a potion of magic {unknown}
 k - a potion of resistance {unknown}
 l - a potion of invisibility {unknown}
 m - a potion of curing {unknown}
Books
 b - a book of Necromancy

   Spells                             Type                      Level
   a - Pain                           Necromancy                   1
   b - Animate Skeleton               Necromancy                   1
   c - Vampiric Draining              Necromancy                   3
   d - Regeneration                   Charms/Necromancy            3
   e - Animate Dead                   Necromancy                   4
   f - Control Undead                 Necromancy                   4


   Skills:
 - Level 2.1 Dodging
 + Level 3.3 Stealth
 + Level 2.6 Spellcasting
 * Level 5.2 Necromancy


You had 2 spell levels left.
You knew the following spells:

 Your Spells              Type           Power        Failure   Level  Hunger
a - Pain                  Necr           ###.         1%          1    #......
b - Animate Skeleton      Necr           N/A          1%          1    #......
c - Vampiric Draining     Necr           ###.......   10%         3    ###....


Dungeon Overview and Level Annotations

Branches:
Dungeon (3/15)

Altars:
Dithmenos


Innate Abilities, Weirdness & Mutations

You heal slowly.
You have razor-sharp teeth.
You have supernaturally acute eyesight. (SInv)
You can survive without breathing.


Message History

Found an escape hatch in the ceiling.
You are feeling thirsty.
A wyvern zombie comes into view.
Casting: Pain
Confirm with . or Enter, or press ? or * to list all spells.
You can't see any susceptible monsters within range! (Use Z to cast anyway.)
You hit the wyvern zombie.
The wyvern zombie is lightly damaged.
The wyvern zombie misses you.
You hit the wyvern zombie.
The wyvern zombie is lightly damaged.
The wyvern zombie bites you. The wyvern zombie closely misses you.
You hit the wyvern zombie.
The wyvern zombie is lightly damaged.
The wyvern zombie bites you!
Ouch! That really hurt!
You hit the wyvern zombie but do no damage.
The wyvern zombie is lightly damaged.
The wyvern zombie bites you!
You die...

.###.#### ...
..#.....##.....
#.#.....##... .
#.#.....##...
#.#.....##..#
#..#.#####..# ##)#.#
#..##.# ..######...#
#Z....#
...........#####@###
..#######.###......#
#.###.##.#.#
#..##.##.#.#
##.##.##.# .
#..#.##.# ##
##.#.##.# #...##.#
##..# .#


You could see a wyvern zombie.

Vanquished Creatures
  An ooze (D:1)
  4 giant cockroaches
  7 goblins
  5 hobgoblins
  3 jackals (D:2)
  7 bats
  A frilled lizard (D:2)
  6 kobolds
  4 rats
38 creatures vanquished.

Notes
Turn   | Place    | Note
-------+----------+-------------------------------------------
     0 | D:1      | Jynx the Vampire Necromancer began the quest for the Orb.
     0 | D:1      | Reached XP level 1. HP: 13/13 MP: 3/3
     6 | D:1      | Noticed a lindwurm
     6 | D:1      | Noticed an iguana
     6 | D:1      | Noticed a polar bear
   235 | D:1      | Reached XP level 2. HP: 19/19 MP: 3/5
   677 | D:1      | Reached skill level 5 in Necromancy
   983 | D:2      | Reached XP level 3. HP: 23/24 MP: 3/6
  1224 | D:2      | Learned a level 1 spell: Animate Skeleton
  1228 | D:2      | Learned a level 3 spell: Vampiric Draining
  1476 | D:2      | Found a shadowy altar of Dithmenos.
  1968 | D:3      | Slain by a wyvern zombie

Skill      XL: |  1  2 |
---------------+-------+-----
Necromancy     | 5 |  5.2
Dodging        | |  2.1
Stealth        | |  3.3
Spellcasting   | |  2.6

Action                   || total
-------------------------++-------
Melee: Dagger            ||    26
       Bite              ||     1
 Cast: Pain              ||    50
       Animate Skeleton  ||     4
  Use: Scroll            ||     1
 Stab: Sleeping          ||     2
  Eat: Corpse            ||     3
Armor: Robe              ||     8
Dodge: Dodged            ||    39
